 Dungeon Sprint DCSS version 0.03.2.1-42-g860841ac0a (webtiles) character file.

Game seed: 12238613242565124318, levelgen mode: deterministic

16911 esc the Crack Shot (level 12, -3/124 HPs) Centaur Hunter. Began on Jan 25, 2021. Was an Initiate of Gozag Ym Sagoz. Slain by a reaper ... wielding a +5 scythe of protection ... summoned by a mummy priest's death curse (43 damage) ... in the Dungeon (Sprint V: "Ziggurat Sprint"). The game lasted 00:09:25 (755 turns).

esc the Crack Shot (Centaur Hunter)                  Turns: 755, Time: 00:09:26

Health: -3/124     AC: 31    Str: 24      XL:     12 ^: 13874
Magic:  12/12      EV:  8    Int: 11 (12) God:    Gozag Ym Sagoz
Gold:   5265       SH:  0    Dex: 16      Spells: 11/11 levels left

rFire    . . .     Vision   .   b - +8 storm bow {elec, penet}
rCold    + + .     Gourm    .   (also wielding the above weapon)
rNeg     . . .     Faith    .   B - +15 Maxwell's patent armour {-Cast -Tele rElec MR+ rCorr}
rPois    .         Spirit   .   (no helmet)
rElec    +         Reflect  .   C - +1 cloak {+Inv}
rCorr    +         Harm     .   (no gloves)
MR       +....     NoTele   +   (no barding) Stlth ..........NoCast +
                                E - amulet "Ihir Vesk" {Acrobat rElec rC++ Int+2}
HPRegen  0.51/turn              z - ring of dexterity
MPRegen  0.22/turn              D - ring of strength

@: gold aura, very quick
A: large, hooves 3, deformed body, speed 2, tough skin 3
a: Potion Petition, Call Merchant, Bribe Branch, Renounce Religion, Evoke
Invisibility


You were in the Dungeon.
You worshipped Gozag Ym Sagoz.
Gozag Ym Sagoz was greatly pleased with you.
You were not hungry.

You visited 1 branch You collected 5265 gold pieces.

Inventory:

Weapons
 b - the +8 storm bow (weapon) {elec, penet}
   (You found it in the Dungeon)

   It charges the ammunition it shoots with electricity; occasionally upon a
   hit, such missiles may discharge and cause terrible harm.
   Ammo fired by it will pass through the targets it hits, potentially hitting
   all targets in its path until it reaches maximum range.
 c - the +9 ballista "Sniper" {velocity, Acc+∞ +Vis}
   (You found it in the Dungeon)

   Any bolt fired from it inflicts extra damage.
   It improves your vision.
Armour
 k - +5 gold dragon scales of cold resistance
 B - the +15 Maxwell's patent armour (worn) {-Cast -Tele rElec MR+ rCorr}
   (You found it in the Dungeon)

   It insulates you from electricity.
   It affects your resistance to hostile enchantments.
   It prevents spellcasting.
   It prevents most forms of teleportation.
   It provides partial protection from all sources of acid and corrosion.
 C - a +1 cloak of invisibility (worn)
Jewellery
 z - a ring of dexterity (left hand)
 D - a ring of strength (right hand)
 E - the amulet "Ihir Vesk" (around neck) {Acrobat rElec rC++ Int+2}
   (You found it in the Dungeon)

   [amulet of the acrobat]

   It helps you evade while moving and waiting.
   It affects your intelligence (+2).
   It greatly protects you from cold.
   It insulates you from electricity.
 F - the ring "Ryratompa" {rN++ Stlth+}
   (You found it in the Dungeon)

   [ring of stealth]

   It greatly protects you from negative energy.
   It makes you more stealthy.
 G - the cursed ring "Byfeil" {rPois rF+ rN+, (Curse: *Contam)}
   (You found it in the Dungeon)

   [ring of positive energy]

   It protects you from fire.
   It protects you from poison.
   It protects you from negative energy.
   It has a curse placed upon it.
   { (Curse: *Contam)}
 I - a ring of the Octopus King {AC+1 EV+1 Str+1 Int+1 Dex+1 Stlth+}
   (You found it in the Dungeon)

   [ring of stealth]

   It affects your AC (+1).
   It affects your evasion (+1).
   It affects your strength (+1).
   It affects your intelligence (+1).
   It affects your dexterity (+1).
   It makes you more stealthy.
Wands
 u - a wand of disintegration (7)
 x - a wand of iceblast (7)
 y - a wand of acid (7)
 H - a wand of polymorph (2)
Scrolls
 j - 4 scrolls of blinking
 m - 4 scrolls of amnesia
 n - 7 scrolls of fog
 o - a scroll of holy word
 p - 5 scrolls of bless item
 q - 2 scrolls of fear
Potions
 e - 10 potions of curing
 f - 10 potions of heal wounds
 g - 6 potions of haste
 h - 7 potions of magic
 i - 3 potions of berserk rage
 r - 2 potions of brilliance
 s - 2 potions of invisibility
 t - 4 potions of resistance
 v - 5 potions of agility
 w - 5 potions of might
Miscellaneous
 a - 2 boxes of beasts
 l - 2 sacks of spiders
 A - a phantom mirror
Comestibles
 d - 7 rations


   Skills:
 + Level 16.9 Fighting
 + Level 22.6 Bows
 + Level 13.4 Armour
 - Level 1.3 Dodging
 - Level 0.4 Stealth


You had 11 spell levels left.
You didn't know any spells.
Your spell library contained the following spells:

 Spells                   Type           Power        Failure   Level  Hunger
 Beastly Appendage        Tmut           0 (50)       71%         1    ##.....
 Confusing Touch          Hex            0 (50)       71%         1    ##.....
 Flame Tongue             Fire           0 (30)       71%         1    ##.....
 Foxfire                  Fire           0 (25)       71%         1    ##.....
 Freeze                   Ice            0 (25)       71%         1    ##.....
 Magic Candle             Hex/Fire       0 (90)       71%         1    ##.....
 Pain                     Hex/Necr       0 (25)       71%         1    ##.....
 Poisonous Vapours        Pois/Air       0 (50)       71%         1    ##.....
 Shock                    Air            0 (25)       71%         1    ##.....
 Summon Butterflies       Summ           0 (100)      71%         1    ##.....
 Corpse Rot               Tmut/Necr      N/A          83%         2    ###....
 Passwall                 Tmut/Erth      0 (120)      83%         2    ###....
 Searing Ray              Fire           0 (50)       83%         2    ###....
 Slow                     Hex            0 (100)      83%         2    ###....
 Sticks to Snakes         Tmut           0 (100)      83%         2    ###....
 Sublimation of Blood     Necr           0 (200)      83%         2    ###....
 Swiftness                Chrm/Air       0 (100)      83%         2    ###....
 Throw Frost              Ice            0 (50)       83%         2    ###....
 Conjure Flame            Fire           0 (100)      97%         3    ####...
 Inner Flame              Hex/Fire       0 (100)      97%         3    ####...
 Mephitic Cloud           Pois/Air       0 (100)      97%         3    ####...
 Portal Projectile        Chrm/Tloc      0 (50)       97%         3    ####...
 Tukima's Dance           Hex            0 (100)      97%         3    ####...
 Animate Dead             Necr           N/A          100%        4    #####..
 Cause Fear               Hex            0 (200)      100%        4    #####..
 Hailstorm                Ice            0 (100)      100%        4    #####..
 Leda's Liquefaction      Tmut/Erth      0 (200)      100%        4    #####..
 Olgreb's Toxic Radiance  Pois           0 (100)      100%        4    #####..
 Passage of Golubria      Tloc           N/A          100%        4    #####..
 Still Winds              Hex/Air        0 (200)      100%        4    #####..
 Bolt of Magma            Fire/Erth      0 (200)      100%        5    ######.
 Excruciating Wounds      Chrm/Necr      0 (200)      100%        5    ######.
 Irradiate                Tmut/Pois      0 (200)      100%        5    ######.
 Iskenderun's Battlesphe  Chrm/Erth      0 (100)      100%        5    ######.
 Silence                  Hex/Air        0 (200)      100%        5    ######.
 Summon Lightning Spire   Summ/Air       0 (100)      100%        5    ######.
 Yara's Violent Unravell  Hex/Tmut       0 (200)      100%        5    ######.
 Conjure Ball Lightning   Air            0 (200)      100%        6    #######
 Death Channel            Chrm/Necr      0 (200)      100%        6    #######
 Deflect Missiles         Chrm/Air       0 (200)      100%        6    #######
 Freezing Cloud           Ice/Air        0 (200)      100%        6    #######
 Iron Shot                Erth           0 (200)      100%        6    #######
 Ring of Flames           Chrm/Fire      0 (200)      100%        6    #######
 Haunt                    Necr/Summ      0 (200)      100%        7    #######
 Iskenderun's Icy Sphere  Ice            0 (200)      100%        7    #######
 Spellforged Servitor     Summ           0 (200)      100%        7    #######
 Borgnjor's Revivificati  Necr           0 (200)      100%        8    #######
 Death's Door             Chrm/Necr      0 (200)      100%        8    #######
 Necromutation            Tmut/Necr      0 (200)      100%        8    #######
 Tornado                  Air            0 (200)      100%        9    #######


Dungeon Overview and Level Annotations

Branches:
Dungeon (1/1)

Altars:
Ashenzari
Cheibriados
Dithmenos
Elyvilon
Fedhas Madash
Gozag Ym Sagoz
Hepliaklqana
Kikubaaqudgha
Makhleb
Nemelex Xobeh
Okawaru
Qazlal
Ru
Sif Muna
Trog
Uskayaw
Vehumet
Wu Jian
Xom
Yredelemnul
Zin
The Shining One
Beogh
Jiyva
Lugonu


Innate Abilities, Weirdness & Mutations

You have hooves in place of feet.
Armour fits poorly on your strangely shaped body.
You cover ground very quickly.
You have extremely tough skin. (AC +3)


Message History

Unknown command.
Aiming:
b - the +8 storm bow {elec, penet}, Range: 2 (50%)
Press: ? - help, Shift-Dir - straight line, f - reaper
Aim: a reaper, wielding a scythe of protection (moderately wounded (57/74), summoned)
You shoot an arrow.
The arrow pierces through the reaper (27)!!
Lightning courses through the reaper (2).
The reaper is no longer distracted by gold.
The reaper is severely wounded. (28/74) HP The reaper hits you from afar with a scythe of protection (37)!!!
Aiming:
b - the +8 storm bow {elec, penet}, Range: 2 (50%)
Press: ? - help, Shift-Dir - straight line, f/p - reaper
Aim: a reaper, wielding a scythe of protection (severely wounded (28/74), summoned)
You shoot an arrow.
The arrow pierces through the reaper (26)!!
Lightning courses through the reaper (8)!
You kill the reaper!
The reaper hits you from afar with a scythe of protection (43)!!!
You die...
Your body crumbles into a pile of gold.

▓..)].[)..▓
▓..}$]$=..▓..).=.]..▓
▓...○.$$..▓.........▓
▓...$$....▓......)..▓
▓...M.....▓.........▓
▓...°.....▓.........▓
▓.2.$°....▓.........▓
▓.▓..°..▓.▓.▓.....▓.▓
▓...@○....▓....©....▓
▓▓▓▓▓▓▓▓▓▓▓▓▓▓▓▓▓▓▓▓▓


You could see a reaper and a mummy.

Vanquished Creatures
  A pandemonium lord (D)
  A reaper (D)
  A gibbering mound (D)
  4 mummy priests (D)
  A boulder beetle (D)
  2 deep elf archers (D)
  A deep elf mage (D)
  2 draconians (D)
  A rust devil (D)
  A hellwing (D)
  5 ice devils (D)
  An orange demon (D)
  5 toenail golems (D)
  2 yaktaurs (D)
  A red devil (D)
  A wraith (D)
  An air elemental (D)
  A flying skull (D)
  A spriggan (D)
  An ushabti (D)
  2 cyclopes (D)
  2 tarantellas (D)
  A fire elemental (D)
  A guardian mummy (D)
  2 earth elementals (D)
  2 scorpions (D)
  A necrophage (D)
  3 wolves (D)
  2 centaurs (D)
  A quasit (D)
  2 wights (D)
  4 crimson imps (D)
  A mummy (D)
  2 iron imps (D)
  2 shadow imps (D)
  2 white imps (D)
  An adder simulacrum (D)
  3 adder skeletons (D)
  An adder zombie (D)
  A ball python zombie (D)
  A bat skeleton (D)
  2 bat zombies (D)
  A leopard gecko skeleton (D)
74 creatures vanquished.

Notes
Turn   | Place    | Note
-------+----------+-------------------------------------------
     0 | D        | esc the Centaur Hunter began the quest for the Orb.
     0 | D        | Reached XP level 1. HP: 17/17 MP: 1/1
    13 | D        | Found a blossoming altar of Fedhas.
    14 | D        | Found the +6 Majin-Bo {vampiric, corrupt archmagi; MP+6
                  | Int+6}
    14 | D        | Found the +9 ballista "Sniper" {velocity, Acc+∞ +Vis}
    14 | D        | Found the +10 dark maul {crush}
    14 | D        | Found the +15 Maxwell's patent armour {-Cast -Tele rElec
                  | MR+ rCorr}
    14 | D        | Found the +18 shield of the Gong {rElec rN+ MR+ EV-5}
    14 | D        | Found the +14 obsidian axe {chop, +Fly +Vis Soulbond}
    14 | D        | Found the +7 great mace "Firestarter" {inner flame, rF++}
    14 | D        | Found the +6 shillelagh "Devastator" {shatter}
    14 | D        | Found the +11 plutonium sword {*Contam Stlth-}
    14 | D        | Found the +8 lance "Wyrmbane" {slay drac, rPois rF+ rC+
                  | AC+3}
    14 | D        | Found the +9 sword of Zonguldrok {reap}
    14 | D        | Found the +13 scythe of Curses {drain, Soulbond}
    14 | D        | Found the +0 sword of Power
    14 | D        | Found the +7 mace of Variability {chain chaos}
    14 | D        | Found the +7 Singing Sword {penetrate, sonic wave}
    14 | D        | Found the +8 storm bow {elec, penet}
    14 | D        | Found a viscous altar of Jiyva.
    14 | D        | Found a hazy altar of Hepliaklqana.
    14 | D        | Found a transporter.
    14 | D        | Found an opulent altar of Gozag.
    14 | D        | Found an ancient bone altar of Kikubaaqudgha.
    14 | D        | Found a corrupted altar of Lugonu.
    17 | D        | Found a burning altar of Makhleb.
    18 | D        | Found a sacrificial altar of Ru.
    18 | D        | Found a stormy altar of Qazlal.
    18 | D        | Found a shimmering blue altar of Sif Muna.
    18 | D        | Found an iron altar of Okawaru.
    18 | D        | Found a bloodstained altar of Trog.
    18 | D        | Found a sparkling altar of Nemelex Xobeh.
    24 | D        | Reached skill level 10 in Bows
    24 | D        | Reached XP level 2. HP: 24/24 MP: 2/2
    73 | D        | Became a worshipper of Gozag Ym Sagoz the Greedy
    80 | D        | Entered arena 2.
    80 | D        | Noticed a draconian
    80 | D        | Noticed a draconian
    80 | D        | Found a transporter.
    92 | D        | Killed a draconian
    92 | D        | Reached skill level 13 in Bows
    92 | D        | Reached skill level 5 in Armour
    92 | D        | Reached XP level 3. HP: 24/39 MP: 3/3
    92 | D        | Reached XP level 4. HP: 29/47 MP: 4/4
    92 | D        | Reached XP level 5. HP: 33/52 MP: 5/5
    92 | D        | Reached XP level 6. HP: 38/60 MP: 6/6
    94 | D        | Killed a draconian
    94 | D        | Reached skill level 14 in Bows
    94 | D        | Reached XP level 7. HP: 45/70 MP: 7/7
   174 | D        | Entered arena 3.
   174 | D        | Noticed an ice devil
   174 | D        | Noticed a hellwing
   174 | D        | Found a transporter.
   177 | D        | Killed an ice devil
   177 | D        | Reached skill level 15 in Bows
   177 | D        | Reached XP level 8. HP: 70/78 MP: 8/8
   181 | D        | Killed a hellwing
   181 | D        | Reached skill level 10 in Fighting
   208 | D        | Entered arena 4.
   208 | D        | Found a transporter.
   209 | D        | Reached skill level 16 in Bows
   237 | D        | Entered arena 5.
   237 | D        | Found a transporter.
   239 | D        | Reached XP level 9. HP: 89/89 MP: 9/9
   241 | D        | Reached skill level 17 in Bows
   253 | D        | Got the Volume of Heat
   256 | D        | Entered arena 6.
   256 | D        | Noticed a deep elf archer
   256 | D        | Noticed a deep elf mage
   256 | D        | Noticed a deep elf archer
   256 | D        | Found a transporter.
   257 | D        | Killed a deep elf mage
   259 | D        | Killed a deep elf archer
   259 | D        | Reached skill level 18 in Bows
   259 | D        | Killed a deep elf archer
   259 | D        | Reached skill level 10 in Armour
   261 | D        | Reached XP level 10. HP: 79/100 MP: 10/10
   284 | D        | Got the Handbook of the Blaze
   315 | D        | Entered arena 7.
   319 | D        | Found a transporter.
   339 | D        | Got Mitu's Collected Works on Fire
   344 | D        | Entered arena 8.
   347 | D        | Reached skill level 19 in Bows
   350 | D        | Found a transporter.
   360 | D        | Got the Compendium of the Arsonist
   364 | D        | Got the amulet "Ihir Vesk" {Acrobat rElec rC++ Int+2}
   392 | D        | Entered arena 9.
   407 | D        | Found a transporter.
   427 | D        | Got Acilyesu's Grimoire of the Blaze
   430 | D        | Entered arena 10.
   430 | D        | Noticed a boulder beetle
   436 | D        | Killed a boulder beetle
   436 | D        | Reached skill level 20 in Bows
   439 | D        | Found a transporter.
   457 | D        | Got the ring "Ryratompa" {rN++ Stlth+}
   464 | D        | Got the Handbook of the Blaze
   471 | D        | Entered arena 11.
   471 | D        | Noticed a rust devil
   471 | D        | Noticed Osunguirr the pandemonium lord
   474 | D        | Killed a rust devil
   474 | D        | Reached XP level 11. HP: 111/111 MP: 11/11
   490 | D        | Found a transporter.
   501 | D        | Killed Osunguirr the pandemonium lord
   501 | D        | Reached skill level 15 in Fighting
   501 | D        | Reached skill level 21 in Bows
   542 | D        | Got the cursed ring "Byfeil" {rPois rF+ rN+, (Curse:
                  | *Contam)}
   692 | D        | Entered arena 12.
   692 | D        | Noticed a reaper
   693 | D        | Found the ring of the Octopus King {AC+1 EV+1 Str+1 Int+1
                  | Dex+1 Stlth+}
   695 | D        | Killed a reaper
   700 | D        | Noticed a gibbering mound
   701 | D        | Found a transporter.
   705 | D        | Killed a gibbering mound
   729 | D        | Got a ring of the Octopus King {AC+1 EV+1 Str+1 Int+1 Dex+1
                  | Stlth+}
   740 | D        | Entered arena 13.
   740 | D        | Noticed a mummy priest
   740 | D        | Noticed a mummy priest
   741 | D        | Noticed a flayed ghost
   742 | D        | Killed a mummy priest
   742 | D        | Reached skill level 22 in Bows
   743 | D        | Identified the +0 plate armour "Tyucsos" {rC+ rN++ MR+
                  | Str-2}
   743 | D        | Noticed a mummy priest
   744 | D        | Killed a mummy priest
   747 | D        | Killed a mummy priest
   747 | D        | Reached XP level 12. HP: 78/124 MP: 12/12
   749 | D        | Identified the cursed +6 staff of the Heavens {flay, air;
                  | *Corrode rElec Str+3 Int+6 Stlth+, (Curse: MR-)}
   749 | D        | Noticed a mummy priest
   753 | D        | Killed a mummy priest
   755 | D        | Slain by a reaper

Levels and vault maps discovered:
D:        sprint_v [room_start, room_1, room_2, room_3, room_4, room_5, room_6,
          room_7, room_8, room_9, room_10, room_11, room_12, room_13, room_14,
          room_15, room_16, room_17, room_18, room_19, room_20, room_21,
          room_22, room_23, room_24, room_25, room_26, room_27]

Skill      XL: |  1  2  3  4  5  6  7  8  9 10 11 |
---------------+----------------------------------+-----
Bows           | 10 13 14 15 16 18 20 22 | 22.6
Fighting       | 7 9 11 12 14 16 | 16.9
Armour         | 5 6 7 8 10 11 13 | 13.4
Dodging        | |  1.3
Stealth        | |  0.4

Action                   |  1- 3 |  4- 6 |  7- 9 | 10-12 || total
-------------------------+-------+-------+-------+-------++-------
 Fire: Longbow           |     6 |     1 |    19 |    73 ||    99
Evoke: Phantom mirror    |       |       |       |     1 ||     1
  Use: Potion            |     1 |       |       |       ||     1
       Scroll            |     1 |       |       |       ||     1
Armor: Plate armour      |     4 |     1 |     6 |     5 ||    16
Dodge: Dodged            |     2 |       |       |     1 ||     3
